[Event "ICC tourney 1969 (45 10)"]
[Site "Internet Chess Club"]
[Date "2020.08.22"]
[Round "1"]
[White "xiaoqixia"]
[Black "AkshatSuresh"]
[Result "1-0"]
[ICCResult "Black checkmated"]
[WhiteElo "1660"]
[BlackElo "1675"]
[Opening "Sicilian: Grand Prix attack"]
[ECO "B21"]
[NIC "SI.48"]
[Time "11:07:59"]
[TimeControl "2700+10"]

1. e4 c5 2. f4 e6 3. Nf3 a6 4. g3 Nc6 5. Bg2 d6 6. O-O Qc7 7. d3 Nf6 8. h3
Be7 9. Be3 Nd7 10. Nbd2 b5 11. f5 e5 12. g4 Bb7 13. g5 f6 14. h4 Nb6 15. c4
b4 16. Qe1 Nd4 17. Rb1 a5 18. Nh2 Nc2 19. Qe2 Nxe3 20. Qxe3 Qd8 21. Ndf3 Nd7
22. Ng4 a4 23. Kf2 Bc6 24. Rh1 Bb7 25. Bf1 Bc6 26. Be2 Rg8 27. Rbg1 Kf7 28.
g6+ hxg6 29. fxg6+ Ke8 30. h5 Nf8 31. Nh4 Kd7 32. h6 gxh6 33. Nxh6 Rg7 34.
Bh5 Nxg6 35. Bxg6 f5 36. Bxf5+ Kc7 37. Rxg7 Kb6 38. Nf3 Bf6 39. Rg8 Qe7 40.
Rxa8 Bxa8 41. Ng8 Qf7 42. Nxf6 Qxf6 43. Qg5 Qf7 44. Rh7 Qf8 45. Qe7 Qb8 46.
Rh6 Bc6 47. Qxd6 Qa8 48. Nxe5 b3 49. Qxc6+ Qxc6 50. Rxc6+ Ka5 51. Rxc5+ Kb6
52. Rb5+ Ka6 53. axb3 a3 54. bxa3 Ka7 55. Nc6+ Ka6 56. Bc8# {Black
checkmated} 1-0

[Event "ICC tourney 1969 (45 10)"]
[Site "Internet Chess Club"]
[Date "2020.08.22"]
[Round "1"]
[White "dopolian"]
[Black "atult"]
[Result "0-1"]
[ICCResult "White resigns"]
[WhiteElo "2362"]
[BlackElo "1848"]
[Opening "Sicilian: Najdorf, Zagreb (fianchetto) variation"]
[ECO "B91"]
[NIC "SI.14"]
[Time "11:07:38"]
[TimeControl "2700+10"]

1. e4 c5 2. Nf3 d6 3. d4 cxd4 4. Nxd4 Nf6 5. Nc3 a6 6. g3 g6 7. Bg2 Bg7 8.
O-O O-O 9. h3 Qc7 10. f4 Qb6 11. Be3 Qxb2 12. Qd2 Qa3 13. Rab1 Qa5 14. Nd5
Qxd2 15. Nxe7+ Kh8 16. Bxd2 Ng8 17. Ndf5 gxf5 18. Nxf5 Bxf5 19. exf5 Bd4+
20. Kh1 Ra7 21. Bxb7 Nd7 22. c3 Bc5 23. c4 Nb6 24. Bc3+ f6 25. Bd5 Nxd5 26.
cxd5 Ne7 27. g4 Nxd5 28. Ba1 Kg8 29. Rf3 Re7 30. Rd1 Rfe8 31. Kh2 Re2+ 32.
Kg3 Rxa2 33. Rfd3 Bf2+ 34. Kf3 Be1 35. g5 Rf2+ 36. Kg3 Rd2+ 37. Kf3 Rxd1 38.
Rxd1 Re3+ 39. Kg2 Nxf4+ 40. Kf1 Bh4 41. Bxf6 Rf3+ 42. Kg1 Bf2+ 43. Kf1 Be3+
44. Ke1 Rxh3 {White resigns} 0-1

[Event "ICC tourney 1969 (45 10)"]
[Site "Internet Chess Club"]
[Date "2020.08.22"]
[Round "1"]
[White "Aqualime"]
[Black "MateOnF7"]
[Result "1/2-1/2"]
[ICCResult "Game drawn by mutual agreement"]
[WhiteElo "1325"]
[BlackElo "1870"]
[Opening "Benkö gambit half accepted"]
[ECO "A57"]
[NIC "BI.45"]
[Time "11:07:57"]
[TimeControl "2700+10"]

1. d4 Nf6 2. c4 c5 3. d5 b5 4. cxb5 a6 5. b6 Qxb6 6. Nc3 g6 7. e4 d6 8. Be2
Bg7 9. Nf3 O-O 10. O-O Bd7 11. a4 e6 12. Bc4 exd5 13. Bxd5 Bc6 14. Bxc6 Qxc6
15. Qc2 Nbd7 16. Bf4 Rfe8 17. Rfe1 Nh5 18. Bd2 Ne5 19. Nxe5 Bxe5 20. Nd5 Nf6
21. Nxf6+ Bxf6 22. Rad1 Rab8 23. b3 Qb7 24. Bf4 Qxb3 25. Qxb3 Rxb3 26. Rxd6
Bc3 27. Red1 Rxe4 28. Bh6 Rb8 29. Rxa6 Bb2 30. Rb6 Rbe8 31. g3 Bd4 32. a5
Re2 33. Rf1 Ra2 34. a6 c4 35. Rc6 c3 36. Kg2 f5 37. Kf3 Ra8 38. Be3 Bxe3 39.
Kxe3 R8xa6 40. Rxc3 Kg7 41. h3 Kf6 42. Kf3 Re6 43. Re3
{Game drawn by mutual agreement}
1/2-1/2

[Event "ICC tourney 1969 (45 10)"]
[Site "Internet Chess Club"]
[Date "2020.08.22"]
[Round "1"]
[White "kgeisenman32"]
[Black "dxzhou"]
[Result "0-1"]
[ICCResult "White resigns"]
[WhiteElo "1310"]
[BlackElo "1476"]
[Opening "Queen's bishop game"]
[ECO "D02"]
[NIC "QP.08"]
[Time "11:07:40"]
[TimeControl "2700+10"]

1. d4 d5 2. Nf3 Nf6 3. Bf4 Bf5 4. e3 e6 5. h3 c5 6. c3 Nc6 7. Bd3 Bxd3 8.
Qxd3 Be7 9. O-O O-O 10. Nbd2 a6 11. Rfe1 Rc8 12. Rac1 b5 13. dxc5 Bxc5 14.
Nb3 Bd6 15. Bxd6 Qxd6 16. e4 Ne5 17. Nxe5 Qxe5 18. exd5 Qxd5 19. Qxd5 Nxd5
20. Rcd1 Rc7 21. Rd2 Rfc8 22. a3 h6 23. Red1 Ra8 24. Nd4 Rb8 25. Nb3 Ra8 26.
Na5 Rac8 27. Rd4 Kf8 28. Kf1 Ke7 29. Re1 Kd6 30. Nb3 Ra8 31. Nc1 Rac8 32.
Nd3 Rc4 33. Rxc4 Rxc4 34. Rd1 Ke7 35. Ne5 Rc7 36. Ke2 a5 37. Nd3 Rc4 38. f3
Kf6 39. Rc1 b4 40. axb4 axb4 41. cxb4 Nf4+ 42. Kd2 Rd4 43. Rc3 Nxg2 44. b5
Rd5 45. b6 Rb5 46. Rc6 Nh4 47. Ke2 Nf5 48. Rc4 Rxb6 49. Rf4 e5 50. Rb4 Nd4+
51. Kf2 Rc6 52. f4 Rc2+ 53. Kg3 Ne2+ 54. Kg4 exf4 55. Nxf4 Nxf4 56. Rxf4+
Kg6 57. b4 Rb2 58. h4 h5+ 59. Kf3 f6 60. Ke3 Kf7 61. Kd3 Ke6 62. Kc4 Ke5 63.
Rd4 Rxb4+ 64. Kxb4 Kxd4 {White resigns} 0-1

[Event "ICC tourney 1969 (45 10)"]
[Site "Internet Chess Club"]
[Date "2020.08.22"]
[Round "1"]
[White "spamazing26"]
[Black "RagingKnightNC"]
[Result "0-1"]
[ICCResult "White resigns"]
[WhiteElo "1681"]
[BlackElo "1691"]
[Opening "King's Indian: Semi-Averbakh system"]
[ECO "E73"]
[NIC "KI.32"]
[Time "11:08:32"]
[TimeControl "2700+10"]

1. d4 Nf6 2. c4 g6 3. Nc3 Bg7 4. e4 O-O 5. Be2 d6 6. Be3 e5 7. d5 Nbd7 8.
Qd2 Nc5 9. Bxc5 dxc5 10. h3 Ne8 11. Nf3 Nd6 12. g4 f5 13. gxf5 gxf5 14. Rg1
Kh8 15. Rxg7 Kxg7 16. Qg5+ Qxg5 17. Nxg5 Rf6 18. O-O-O f4 19. Bg4 Rg6 20.
Ne6+ Bxe6 21. dxe6 Re8 22. Nd5 c6 23. Nxf4 exf4 24. Rxd6 Re7 25. Kd2 Kf6 26.
Ke2 Ke5 27. Rd7 Rxd7 28. exd7 Rd6 29. Bf5 h5 30. f3 Kf6 31. h4 b5 32. b3 a5
33. Bh3 a4 34. Bf5 a3 35. Bh3 bxc4 36. bxc4 Ke7 37. Bf5 Rd4 38. e5 Rxc4 39.
Kd3 Rb4 40. Bh7 Rd4+ 41. Kc3 Ke6 42. Bg6 Rxd7 43. Bxh5 Kxe5 44. Bg4 Rb7 45.
h5 Rb2 46. h6 Rxa2 47. Kb3 Rh2 {White resigns} 0-1

[Event "ICC tourney 1969 (45 10)"]
[Site "Internet Chess Club"]
[Date "2020.08.22"]
[Round "1"]
[White "Monkeybomb3605"]
[Black "sushmadasari"]
[Result "0-1"]
[ICCResult "White resigns"]
[WhiteElo "1949"]
[BlackElo "1682"]
[Opening "Sicilian: Pelikan, Chelyabinsk variation"]
[ECO "B41"]
[NIC "SI.37"]
[Time "11:07:41"]
[TimeControl "2700+10"]

1. e4 c5 2. Nf3 e6 3. d4 cxd4 4. Nxd4 Nf6 5. Nc3 Nc6 6. Ndb5 d6 7. Bf4 e5 8.
Bg5 a6 9. Na3 b5 10. Nd5 Be7 11. Bxf6 Bxf6 12. c3 O-O 13. Nc2 Bg5 14. a4
bxa4 15. Rxa4 Bb7 16. Bc4 Ne7 17. Ncb4 a5 18. Nxe7+ Qxe7 19. Nd5 Qd7 20. Nb6
Qc6 21. Nxa8 Rxa8 22. Bd5 Qc7 23. O-O Rb8 24. Rc4 Qd7 25. b4 Ba6 26. bxa5
Bxc4 27. Bxc4 h6 28. Qd5 Bd8 29. Ra1 Rb7 30. a6 Ra7 31. Rb1 Rc7 32. Rb8 Kh7
33. h3 Ra7 34. Rb1 Qe7 35. Rd1 Qc7 36. g3 Qc8 37. Bb5 Qxc3 38. Qxd6 Be7 39.
Qd5 Bc5 40. Kg2 Bd4 41. Rd3 Qc2 42. Rf3 Qc5 43. Qb3 Qf8 44. Bc4 f6 45. g4
Qc5 46. Bg8+ Kh8 47. Bc4 Qf8 48. h4 Qc8 49. Rg3 Rc7 50. Be6 Qe8 51. g5 fxg5
52. hxg5 Qf8 53. Rf3 Qd8 54. gxh6 gxh6 55. Rg3 Rg7 56. Qb7 Rxb7 57. a7 Rxa7
{White resigns}
0-1

[Event "ICC tourney 1969 (45 10)"]
[Site "Internet Chess Club"]
[Date "2020.08.22"]
[Round "1"]
[White "burstninja"]
[Black "town"]
[Result "0-1"]
[ICCResult "White checkmated"]
[WhiteElo "1488"]
[BlackElo "2085"]
[Opening "QGD Slav defense"]
[ECO "D10"]
[NIC "SL.01"]
[Time "11:07:39"]
[TimeControl "2700+10"]

1. d4 d5 2. c4 c6 3. Nc3 Nf6 4. e3 g6 5. Bd3 Bg7 6. Nge2 O-O 7. O-O Nbd7 8.
f3 dxc4 9. Bxc4 e5 10. d5 Nb6 11. Qb3 Nxc4 12. Qxc4 cxd5 13. Qb3 b6 14. f4
Re8 15. Rd1 Bb7 16. e4 d4 17. fxe5 Rxe5 18. Rxd4 Qe7 19. Bf4 Re6 20. Rc4
Nxe4 21. Rc7 Qf8 22. Rd1 Bc6 23. Nxe4 Rxe4 24. Rxc6 Rxe2 25. Rc7 Rc8 26. Qd3
Rxc7 27. Bxc7 Qc5+ 28. Kh1 Qf2 29. Qg3 Qxg3 30. Bxg3 Bxb2 31. Kg1 Bf6 32.
Bf4 Rxa2 33. Bh6 Ra1 34. Rxa1 Bxa1 35. Kf2 f5 36. Ke3 Kf7 37. Kd3 Ke6 38.
Kc4 a6 39. g3 Be5 40. Be3 Bc7 41. Bd2 Bd8 42. Bf4 g5 43. Be3 Ke5 44. Bd2 Ke4
45. Bc1 f4 46. gxf4 gxf4 47. Kc3 f3 48. Bd2 f2 49. h4 f1=Q 50. h5 Bf6+ 51.
Kc2 Qd3+ 52. Kd1 Bg5 53. Kc1 Qxd2+ 54. Kb1 Bf6 55. h6 Qb2# {White
checkmated} 0-1

[Event "ICC tourney 1969 (45 10)"]
[Site "Internet Chess Club"]
[Date "2020.08.22"]
[Round "1"]
[White "ITOT"]
[Black "Andy0507"]
[Result "0-1"]
[ICCResult "White resigns"]
[WhiteElo "1354"]
[BlackElo "1660"]
[Opening "Scandinavian (center counter) defense"]
[ECO "B01"]
[NIC "SD.02"]
[Time "11:07:51"]
[TimeControl "2700+10"]

1. e4 d5 2. exd5 Qxd5 3. Nc3 Qd8 4. d4 c6 5. Bc4 Bf5 6. Nf3 e6 7. O-O Nf6 8.
Bg5 Be7 9. Qe2 O-O 10. Rad1 Nbd7 11. h3 h6 12. Bh4 Re8 13. Ne5 Nd5 14. Bxe7
Qxe7 15. Ne4 Rad8 16. Ng3 Bh7 17. c3 Qh4 18. Bd3 Bxd3 19. Nxd3 Qe7 20. c4
N5f6 21. Rfe1 a5 22. c5 Qf8 23. Qc2 Ra8 24. Qb3 Reb8 25. Qc2 b6 26. Rc1 bxc5
27. dxc5 a4 28. Ne4 Nxe4 29. Rxe4 a3 30. b3 Qe7 31. Qc3 Nf6 32. Rc4 Nd5 33.
Qe5 Rd8 34. Nf4 Nxf4 35. Qxf4 e5 36. Qe4 Qe6 37. Qe3 Qd5 38. R4c2 f6 39. f3
Rab8 40. Kf2 Rb4 41. Ke2 Rd4 42. Kf2 e4 43. Re2 f5 44. Rcc2 f4 45. Qc3 e3+
46. Kg1 Rd1+ 47. Re1 Rxe1+ 48. Qxe1 Qd1 49. Kf1 Qxc2 {White resigns} 0-1

[Event "ICC tourney 1969 (45 10)"]
[Site "Internet Chess Club"]
[Date "2020.08.22"]
[Round "1"]
[White "Ososul"]
[Black "HarleyQueen8"]
[Result "1/2-1/2"]
[ICCResult "Game drawn by mutual agreement"]
[WhiteElo "1643"]
[BlackElo "1729"]
[Opening "Sicilian"]
[ECO "B56"]
[NIC "SI.25"]
[Time "11:07:54"]
[TimeControl "2700+10"]

1. e4 c5 2. Nf3 d6 3. d4 cxd4 4. Nxd4 Nf6 5. Nc3 Nc6 6. f3 e5 7. Nb3 Be6 8.
Be3 d5 9. exd5 Nxd5 10. Nxd5 Bxd5 11. Qd2 Be7 12. O-O-O Bxb3 13. Qxd8+ Rxd8
14. Rxd8+ Bxd8 15. axb3 Ke7 16. Bc4 Bc7 17. Rd1 Rd8 18. Rxd8 Bxd8 19. Bd5 a6
20. c3 f5 21. Kc2 Kd6 22. Bg8 h6 23. b4 Ne7 24. Bc5+ Kd7 25. Bf7 b6 26. Be3
Kd6 27. Bc4 Nd5 28. Bf2 b5 29. Bc5+ Kc6 30. Bd3 Be7 31. Bxe7 Nxe7 32. b3 g5
33. c4 h5 34. h3 Kb6 35. g3 Kc6 36. g4 hxg4 37. hxg4 f4 38. Be4+ Kb6 39. Kd3
Kc7 40. c5 Kb8 41. Bh7 Nc6 42. Ke4 Nxb4 43. Kxe5 a5 44. Kd6 a4 45. bxa4 bxa4
46. c6 Na6 47. Bd3 Nc7 48. Kd7 a3 49. Bc4 Na8 50. Bb3 Nb6+ 51. Kd8 Na8 52.
Kd7 Nb6+ 53. Kd6 Na8 54. Ke5 Kc7 55. Kf5 Kxc6 56. Kxg5 Kd6 57. Kh6 Nc7 58.
g5 Ne8 59. Kg6 Ke5 60. Ba2 Nd6 61. Kh5 Ne8 62. g6 Kf6 63. Kh6 Ng7 64. Kh7
Nf5 65. Bb3 Ng7 66. Ba2 {Game drawn by mutual agreement} 1/2-1/2

[Event "ICC tourney 1969 (45 10)"]
[Site "Internet Chess Club"]
[Date "2020.08.22"]
[Round "1"]
[White "Ayushb"]
[Black "laksa"]
[Result "1/2-1/2"]
[ICCResult "Game drawn by mutual agreement"]
[WhiteElo "1754"]
[BlackElo "1502"]
[Opening "Giuoco Pianissimo: Italian four knights variation"]
[ECO "C55"]
[NIC "IG.01"]
[Time "11:07:54"]
[TimeControl "2700+10"]

1. e4 e5 2. Nf3 Nc6 3. Bc4 Nf6 4. d3 Bc5 5. Nc3 d6 6. h3 Be6 7. Bxe6 fxe6 8.
Na4 Bb6 9. Nxb6 axb6 10. Bg5 O-O 11. O-O Qe8 12. Bxf6 Rxf6 13. d4 Qh5 14. c3
Raf8 15. Nh2 Qh4 16. f3 Rg6 17. Kh1 Qg3 18. Rg1 Qf2 19. d5 Ne7 20. dxe6 Qxb2
21. Qd3 Rxg2 22. Ng4 Rxg1+ 23. Rxg1 Qxa2 24. Nh6+ Kh8 25. Nf7+ Rxf7 26. exf7
Qxf7 27. Ra1 h6 28. Ra7 Ng6 29. Rxb7 Nf4 30. Qf1 Qd7 31. Kh2 Qc6 32. Rb8+
Kh7 33. Qg1 Qxc3 34. Qg4 Qd2+ 35. Kh1 Qe1+ 36. Kh2 Qf2+ 37. Kh1 Qe1+ 38. Kh2
Ng6 39. Rc8 c5 40. Re8 Qd2+ 41. Kh1 Qf4 42. Qxf4 Nxf4 43. Rd8 c4 44. Rxd6
Nxh3 45. Rxb6 Nf4 46. Rc6 h5 47. Rxc4 Kh6 48. Kh2 h4 49. Rc5 Ng6 50. Kh3 Kg5
51. Rc1 Nf4+ 52. Kh2 Ne2 53. Rc7 Nd4 54. Rxg7+ Kf4 55. Rg4+ Ke3 56. Kh3 Nxf3
57. Kg2 Ke2 58. Rg7 Ke3 59. Rg4 {Game drawn by mutual agreement} 1/2-1/2

[Event "ICC tourney 1969 (45 10)"]
[Site "Internet Chess Club"]
[Date "2020.08.22"]
[Round "1"]
[White "creepycrawlies"]
[Black "VishyNo1"]
[Result "0-1"]
[ICCResult "White resigns"]
[WhiteElo "2174"]
[BlackElo "2066"]
[Opening "King's Indian: fianchetto, classical variation"]
[ECO "E67"]
[NIC "KI.65"]
[Time "11:07:36"]
[TimeControl "2700+10"]

1. d4 Nf6 2. c4 d6 3. Nf3 Nbd7 4. g3 e5 5. Bg2 g6 6. Nc3 Bg7 7. O-O O-O 8.
dxe5 dxe5 9. Qc2 c6 10. e4 Qe7 11. h3 Rd8 12. Be3 b6 13. a4 a5 14. Rfd1 Rb8
15. Rd2 Ba6 16. b3 Ne8 17. Rad1 Nc7 18. Rd6 Bb7 19. Qd2 Bc8 20. Rxc6 Ne6 21.
Nd5 Qf8 22. Bg5 Re8 23. Nc7 Nxc7 24. Rxc7 Nc5 25. Qc2 Bb7 26. Be3 Bxe4 27.
Qa2 Na6 28. Rcd7 Nb4 29. Qd2 Bc2 30. Rc1 Bxb3 31. Ng5 Red8 32. Rxd8 Rxd8 33.
Qe2 Bh6 34. h4 Bxg5 35. hxg5 Qd6 36. c5 bxc5 37. Rxc5 Bxa4 38. Rxa5 Bd1 39.
Qb5 Bg4 40. Qxe5 Qd1+ 41. Kh2 Be6 42. f3 Nc6 43. Qc7 Nxa5 44. Qxa5 Rc8 45.
Qe5 Qd5 46. Qf6 Rc4 47. Bf4 Rc5 48. Be3 Rc2 49. Bd4 Kf8 50. Qh8+ Ke7 51.
Bf6+ Kd6 52. Qd8+ Kc6 53. Qa8+ Kb5 54. Qb8+ Kc4 55. Qc7+ Kd3 56. Qb6 Qc5 57.
Qd8+ Kc4 58. Be7 Qc6 59. Qa5 Qb5 60. Qe1 Kb3 61. Qb1+ Rb2 62. Qd1+ Ka2 63.
Bf6 Re2 64. Qa1+ Kb3 65. Qb1+ Kc4 66. Qc1+ Kd5 67. Qd1+ Kc6 68. Qd8 Qd5 69.
Qa8+ Kb5 70. Qb8+ Kc4 71. Qc7+ Kb5 72. Qb8+ Ka6 73. Qf4 Qa2 74. Qd6+ Kb5 75.
Qb8+ Kc6 76. Qe8+ Bd7 77. f4+ Rxg2+ {White resigns} 0-1

[Event "ICC tourney 1969 (45 10)"]
[Site "Internet Chess Club"]
[Date "2020.08.22"]
[Round "2"]
[White "Jeffchess"]
[Black "mrmusicwriter5"]
[Result "0-1"]
[ICCResult "White resigns"]
[WhiteElo "1349"]
[BlackElo "1620"]
[Opening "Sicilian"]
[ECO "B53"]
[NIC "SI.48"]
[Time "13:31:42"]
[TimeControl "2700+10"]

1. e4 c5 2. d4 cxd4 3. Nf3 d6 4. h3 Nf6 5. Bd3 Nc6 6. O-O e6 7. Re1 Be7 8.
Bg5 O-O 9. Bxf6 Bxf6 10. Bb5 Qb6 11. Bxc6 bxc6 12. b3 e5 13. Nbd2 a5 14. Nc4
Qc7 15. a4 Ba6 16. Qd3 d5 17. exd5 cxd5 18. Nfxe5 dxc4 19. Nxc4 Bxc4 20.
bxc4 Rac8 21. Qd2 Qxc4 22. Qxa5 Qxc2 23. Qa6 d3 24. Red1 Bxa1 25. Rxa1 d2
26. Qf1 Qc1 27. Rxc1 Rxc1 28. a5 Rxf1+ 29. Kh2 d1=Q 30. a6 Qd6+ 31. g3 Rxf2+
{White resigns}
0-1

[Event "ICC tourney 1969 (45 10)"]
[Site "Internet Chess Club"]
[Date "2020.08.22"]
[Round "2"]
[White "NeevG"]
[Black "carahsu08"]
[Result "0-1"]
[ICCResult "White resigns"]
[WhiteElo "1248"]
[BlackElo "1533"]
[Opening "Vienna game"]
[ECO "C26"]
[NIC "VG.02"]
[Time "13:31:39"]
[TimeControl "2700+10"]

1. e4 e5 2. Bc4 Nf6 3. Nc3 Bc5 4. d3 h6 5. Nge2 Nc6 6. a3 a6 7. O-O O-O 8.
Kh1 Ng4 9. Qe1 Qh4 10. h3 Bxf2 11. Rxf2 Nxf2+ 12. Kg1 Nxh3+ 13. Kf1 Qf6+ 14.
Nf4 Nxf4 15. Bxf4 Qxf4+ 16. Kg1 Nd4 17. Rc1 Qg5 18. Qf2 Qxc1+ {White
resigns} 0-1

[Event "ICC tourney 1969 (45 10)"]
[Site "Internet Chess Club"]
[Date "2020.08.22"]
[Round "2"]
[White "sakethdesu"]
[Black "dopolian"]
[Result "0-1"]
[ICCResult "White checkmated"]
[WhiteElo "853"]
[BlackElo "2362"]
[Opening "Ruy Lopez: Anderssen variation"]
[ECO "C77"]
[NIC "RL.12"]
[Time "13:31:50"]
[TimeControl "2700+10"]

1. e4 Nc6 2. Bb5 e5 3. Nf3 a6 4. Ba4 Nf6 5. d3 b5 6. Bb3 Be7 7. a3 O-O 8.
Nc3 d6 9. Nd5 Bg4 10. h3 Bxf3 11. Qxf3 Nd4 12. Nxf6+ Bxf6 13. Qg3 c5 14. Bd5
Nxc2+ 15. Kd1 Nxa1 16. Bxa8 Qxa8 17. d4 Qxe4 18. Qf3 Qc2+ 19. Ke1 Qxc1+ 20.
Ke2 Qxh1 21. Qc6 exd4 22. Qxa6 Re8+ 23. Kd3 Qd1# {White checkmated} 0-1

[Event "ICC tourney 1969 (45 10)"]
[Site "Internet Chess Club"]
[Date "2020.08.22"]
[Round "2"]
[White "CoolBruhO"]
[Black "hackerguru"]
[Result "0-1"]
[ICCResult "White checkmated"]
[WhiteElo "1360"]
[BlackElo "1484"]
[Opening "Durkin's attack"]
[ECO "A00"]
[Time "13:31:41"]
[TimeControl "2700+10"]

1. Na3 e5 2. b3 d6 3. Bb2 Nc6 4. c4 Nf6 5. e3 Be7 6. Nf3 Bg4 7. h3 Bh5 8. g4
Bg6 9. Nh4 Be4 10. Rg1 h6 11. d3 Bh7 12. g5 hxg5 13. Rxg5 Ng8 14. Rg4 Bxh4
15. Qf3 Bf6 16. e4 Nh6 17. Rg1 Bg6 18. Nb5 a6 19. Nc3 Nd4 20. Qd1 c6 21. Ba3
Bh4 22. Ne2 Nf3# {White checkmated} 0-1

[Event "ICC tourney 1969 (45 10)"]
[Site "Internet Chess Club"]
[Date "2020.08.22"]
[Round "2"]
[White "stgummadi"]
[Black "burstninja"]
[Result "0-1"]
[ICCResult "White checkmated"]
[WhiteElo "1400"]
[BlackElo "1554"]
[Opening "French: advance, Euwe variation"]
[ECO "C02"]
[NIC "FR.03"]
[Time "13:32:13"]
[TimeControl "2700+10"]

1. e4 e6 2. d4 d5 3. e5 c5 4. c3 Nc6 5. Nf3 Bd7 6. Qc2 Nge7 7. Be3 Nf5 8.
Bf4 cxd4 9. Bd3 dxc3 10. Bxf5 cxb2 11. Qxb2 exf5 12. Qxb7 Rb8 13. Qa6 Nb4
14. Qe2 Bb5 15. Qd2 Nd3+ 16. Kd1 Nb2+ 17. Ke1 Bb4 18. Nc3 Bxc3 19. Qxc3 Nd3+
20. Kd2 Nxf4 21. g3 Ne6 22. Nd4 Nxd4 23. Qxd4 O-O 24. Rab1 Qb6 25. Ke3 Qxd4+
26. Kxd4 Bc4 27. Ra1 Rb2 28. Rhb1 Rxb1 29. Rxb1 g6 30. a4 a5 31. f4 f6 32.
Rb7 fxe5+ 33. Kxe5 Re8+ 34. Kf6 d4 35. Rd7 d3 36. h3 Rf8+ 37. Kg5 Rf7 38.
Rd8+ Kg7 39. h4 h6# {White checkmated} 0-1

[Event "ICC tourney 1969 (45 10)"]
[Site "Internet Chess Club"]
[Date "2020.08.22"]
[Round "2"]
[White "Pranavs23"]
[Black "imranchamp"]
[Result "0-1"]
[ICCResult "White checkmated"]
[WhiteElo "1363"]
[BlackElo "1658"]
[Opening "Sicilian: Pelikan (Lasker/Sveshnikov) variation"]
[ECO "B33"]
[NIC "SI.35"]
[Time "13:31:28"]
[TimeControl "2700+10"]

1. e4 c5 2. Nf3 Nc6 3. d4 cxd4 4. Nxd4 Nf6 5. Nc3 e5 6. Nf3 Bb4 7. Bg5 Bxc3+
8. bxc3 Qa5 9. Nd2 Qxc3 10. Bxf6 gxf6 11. Bc4 Rg8 12. g3 d5 13. exd5 Nd4 14.
Rb1 Bg4 15. Qc1 Nf3+ 16. Ke2 Nxd2+ 17. Ke1 Nb3+ 18. Kf1 Qxc4+ 19. Kg2 Qxd5+
20. Kg1 Nxc1 21. Rxc1 Bh3 22. c4 Qg2# {White checkmated} 0-1

[Event "ICC tourney 1969 (45 10)"]
[Site "Internet Chess Club"]
[Date "2020.08.22"]
[Round "2"]
[White "Andy0507"]
[Black "adelie"]
[Result "1/2-1/2"]
[ICCResult "Game drawn by mutual agreement"]
[WhiteElo "1672"]
[BlackElo "1910"]
[Opening "Pirc defense"]
[ECO "B07"]
[NIC "PU.07"]
[Time "13:31:31"]
[TimeControl "2700+10"]

1. e4 d6 2. d4 Nf6 3. Nc3 g6 4. Be3 a6 5. Qd2 b5 6. f3 Nbd7 7. O-O-O Bb7 8.
h4 h5 9. Nh3 Bg7 10. Ng5 c5 11. dxc5 dxc5 12. e5 Nxe5 13. Qxd8+ Rxd8 14.
Rxd8+ Kxd8 15. Bf4 Nfd7 16. Bxe5 Nxe5 17. f4 Bh6 18. fxe5 f6 19. exf6 exf6
20. Bd3 fxg5 21. Bxg6 {Game drawn by mutual agreement} 1/2-1/2

[Event "ICC tourney 1969 (45 10)"]
[Site "Internet Chess Club"]
[Date "2020.08.22"]
[Round "2"]
[White "arodmed30"]
[Black "creepycrawlies"]
[Result "0-1"]
[ICCResult "White checkmated"]
[WhiteElo "1571"]
[BlackElo "2158"]
[Opening "Sicilian: closed"]
[ECO "B23"]
[NIC "SI.44"]
[Time "13:31:25"]
[TimeControl "2700+10"]

1. e4 c5 2. Nc3 d6 3. f4 g6 4. Nf3 Bg7 5. Bc4 Nc6 6. O-O e6 7. d3 Nge7 8.
Qe1 O-O 9. e5 dxe5 10. fxe5 Nxe5 11. Nxe5 Qd4+ 12. Be3 Qxe5 13. Qh4 Qxe3+
14. Kh1 Nf5 15. Rae1 Nxh4 16. Rxe3 Nf5 17. Ref3 b6 18. g4 Nd4 19. R3f2 Bb7+
20. Ne4 Bxe4+ 21. dxe4 b5 22. Be2 Nxe2 23. Rxe2 Bxb2 24. e5 b4 25. h4 Rad8
26. h5 Rd5 27. a3 bxa3 28. hxg6 fxg6 29. Rf6 Rxf6 30. exf6 a2 31. f7+ Kxf7
32. Rf2+ Bf6 33. g5 a1=Q+ 34. Kg2 Rxg5+ 35. Kh2 Qg1+ 36. Kh3 Qg3#
{White checkmated}
0-1

[Event "ICC tourney 1969 (45 10)"]
[Site "Internet Chess Club"]
[Date "2020.08.22"]
[Round "2"]
[White "Zach-Ry"]
[Black "riachuvspikachu"]
[Result "1/2-1/2"]
[ICCResult "Game drawn by mutual agreement"]
[WhiteElo "1777"]
[BlackElo "1566"]
[Opening "Sicilian: closed"]
[ECO "B23"]
[NIC "SI.44"]
[Time "13:31:49"]
[TimeControl "2700+10"]

1. e4 c5 2. Nc3 d6 3. f4 e6 4. Nf3 Ne7 5. Bb5+ Bd7 6. Bxd7+ Nxd7 7. d3 g6 8.
O-O Bg7 9. Ne2 O-O 10. Ng3 d5 11. f5 Qb6 12. Kh1 Rfd8 13. Ng5 d4 14. f6 Nxf6
15. e5 Nfd5 16. Nxf7 Rf8 17. Nh6+ Kh8 18. Nf7+ Kg8
{Game drawn by mutual agreement}
1/2-1/2

[Event "ICC tourney 1969 (45 10)"]
[Site "Internet Chess Club"]
[Date "2020.08.22"]
[Round "2"]
[White "dxzhou"]
[Black "investigator"]
[Result "0-1"]
[ICCResult "White resigns"]
[WhiteElo "1518"]
[BlackElo "2091"]
[Opening "Pirc: Austrian attack, 6.Bd3"]
[ECO "B09"]
[NIC "PU.02"]
[Time "13:31:31"]
[TimeControl "2700+10"]

1. e4 d6 2. d4 Nf6 3. Nc3 g6 4. f4 Bg7 5. Nf3 O-O 6. Bd3 Na6 7. O-O c5 8. d5
Bg4 9. Bc4 Nc7 10. h3 Bxf3 11. Qxf3 Rb8 12. a4 b6 13. Qe2 Qc8 14. a5 a6 15.
axb6 Rxb6 16. Rb1 e6 17. dxe6 fxe6 18. e5 Nfd5 19. Bd2 Nxc3 20. Bxc3 d5 21.
Ba2 c4 22. b3 Nb5 23. Ba5 Rc6 24. bxc4 dxc4 25. Rb4 Nc3 26. Qxc4 Rxc4 27.
Rxc4 Ne2+ 28. Kf2 Rxf4+ {White resigns} 0-1

[Event "ICC tourney 1969 (45 10)"]
[Site "Internet Chess Club"]
[Date "2020.08.22"]
[Round "2"]
[White "laksa"]
[Black "Aqualime"]
[Result "1-0"]
[ICCResult "Black checkmated"]
[WhiteElo "1551"]
[BlackElo "1324"]
[Opening "Dutch, 2.Bg5 variation"]
[ECO "A80"]
[NIC "HD.12"]
[Time "13:31:52"]
[TimeControl "2700+10"]

1. d4 f5 2. Bg5 g6 3. Nc3 Bg7 4. e3 Nf6 5. h4 O-O 6. Qf3 d6 7. Bc4+ Kh8 8.
O-O-O h6 9. h5 Nxh5 10. Nd5 Nc6 11. Ne2 Be6 12. Rxh5 gxh5 13. Qxh5 Qe8 14.
Qh4 Bxd5 15. Bxd5 Qg6 16. Rh1 Bf6 17. Qxh6+ Qxh6 18. Bxh6 Bg7 19. Bg5+ Bh6
20. Bxh6 Kh7 21. Bxf8+ Kg6 22. Rh6+ Kg5 23. f4+ Kg4 24. Bf3# {Black
checkmated} 1-0

[Event "ICC tourney 1969 (45 10)"]
[Site "Internet Chess Club"]
[Date "2020.08.22"]
[Round "2"]
[White "davika21"]
[Black "HR2005"]
[Result "0-1"]
[ICCResult "White resigns"]
[WhiteElo "1531"]
[BlackElo "2067"]
[Opening "Sicilian: Alapin's variation (2.c3)"]
[ECO "B22"]
[NIC "SI.47"]
[Time "13:31:27"]
[TimeControl "2700+10"]

1. e4 c5 2. c3 Nf6 3. e5 Nd5 4. d4 cxd4 5. Nf3 d6 6. cxd4 Bf5 7. Bc4 e6 8.
O-O Nc6 9. Bxd5 exd5 10. Qb3 Qd7 11. Re1 Be6 12. exd6 Bxd6 13. Nc3 O-O 14.
Bg5 h6 15. Bh4 Na5 16. Qb5 Nc6 17. Bg3 a6 18. Qd3 Bf5 19. Qd2 Na5 20. Bxd6
Qxd6 21. b3 Rac8 22. Re5 Bg4 23. Nxd5 Nc6 24. Nb6 Nxe5 25. Nxc8 Nxf3+ 26.
gxf3 Bxc8 27. Rd1 Be6 28. Qe3 Bd5 29. Rc1 Qf6 30. Kg2 Bxf3+ {White resigns}
0-1